 Dungeon Crawl Stone Soup version 0.30.1 (webtiles) character file.

Game seed: 16766027746498486220

149 oldmanjim the Shooter (level 5, 0/42 HPs)
             Began as a Barachi Hexslinger on July 4, 2023.
             Slain by a quasit (1 damage)
             ... while paralysed
             ... on level 4 of the Dungeon.
             The game lasted 00:09:43 (2256 turns).

oldmanjim the Shooter (Barachi Hexslinger)          Turns: 2256, Time: 00:09:44

Health: 0/42       AC:  2    Str: 11      XL:     5   Next: 31%
Magic:  6/6        EV:  2    Int: 14      God:
Gold:   181        SH:  0    Dex:  0 (14) Spells: 5/6 levels left

rFire   . . .        b - +1 dagger (drain)
rCold   . . .        (no shield)
rNeg    . . .        c - +0 robe
rPois   .            (no helmet)
rElec   .            (no cloak)
rCorr   .            (no gloves)
SInv    .            (no boots)
Will    .....        (no amulet) Stlth
                     (no ring)
HPRegen 0.27/turn    (no ring)
MPRegen 0.10/turn

%: no passive effects
@: paralysed, slowed, lost dexterity, slow
A: amphibious, slowness 1, strong legs 1, +LOS
a: Hop


You were on level 4 of the Dungeon.
You visited 1 branch of the dungeon, and saw 4 of its levels.

You collected 181 gold pieces.

Inventory:

Hand Weapons
 a - a +1 sling
 b - a +1 dagger of draining (weapon)
Missiles
 d - 20 stones
Armour
 c - a +0 robe (worn)
Scrolls
 f - a scroll of blinking {unknown}
 g - 2 scrolls of teleportation {unknown}
 i - 2 scrolls of poison
 l - 2 scrolls of identify {unknown}
Potions
 e - a potion of curing {unknown}
 h - a potion of mutation {unknown}
 j - 3 potions of brilliance {unknown}
 k - a potion of might {unknown}
 m - 2 potions of heal wounds {unknown}
 n - a potion of magic {unknown}


   Skills:
 - Level 4.0 Fighting
 + Level 4.2 Ranged Weapons
 - Level 2.1 Dodging
 - Level 1.1 Spellcasting
 - Level 3.2 Hexes


You had 5 spell levels left.
You knew the following spells:

 Your Spells              Type           Power      Damage    Failure   Level
a - Slow                  Hex            36%        N/A       7%          1

Your spell library contained the following spells:

 Spells                   Type           Power      Damage    Failure   Level
 Ensorcelled Hibernation  Hex/Ice        10%        N/A       21%         2
 Passwall                 Tmut/Erth      0%         N/A       36%         2
 Inner Flame              Hex/Fire       5%         N/A       36%         3
 Portal Projectile        Hex/Tloc       10%        N/A       36%         3
 Cause Fear               Hex            4%         N/A       56%         4
 Swiftness                Air            0%         N/A       61%         3


Dungeon Overview and Level Annotations

Branches:
Dungeon (4/15)
 Temple: D:4-7

Altars:
Elyvilon
Uskayaw


Innate Abilities, Weirdness & Mutations

You are amphibious.
You cover ground slowly.
You can hop short distances.
You have an extended range of vision and can be seen from far away.


Message History

The quasit claws you but does no damage.
The quasit claws you.
* * * LOW HITPOINT WARNING * * *
You feel clumsy.
You hit the quasit.
The quasit is heavily wounded.
The quasit misses you. The quasit barely misses you.
The quasit claws you but does no damage.
Unknown command.
You hit the quasit but do no damage.
The quasit is heavily wounded.
The quasit bites you.
* * * LOW HITPOINT WARNING * * *
You feel clumsy. The quasit claws you.
* * * LOW HITPOINT WARNING * * *
The quasit claws you but does no damage.
The quasit misses you.
The quasit claws you but does no damage.
The quasit barely misses you.
You hit the quasit.
The quasit is severely wounded.
The quasit bites you but does no damage.
The quasit claws you but does no damage.
The quasit claws you.
* * * LOW HITPOINT WARNING * * *
You feel clumsy.
You barely miss the quasit. Your punch misses the quasit.
The quasit is severely wounded.
The quasit bites you.
* * * LOW HITPOINT WARNING * * *
You feel clumsy.
You have lost your dexterity.
The quasit claws you.
* * * LOW HITPOINT WARNING * * *
The quasit claws you.
* * * LOW HITPOINT WARNING * * *
The quasit bites you but does no damage.
The quasit claws you but does no damage.
The quasit claws you.
You die...

#.# #.# ##.## #.# ##...## # #.#
##.....##. #.# ......... #.# #
.....####.#######.#########...#
# #.... .........##....>......#
###..# #.....@5...####5......#
.##..######.####.###.# .#####.#
.....##.......##.# #.# ..
.###.#..#####.##.# #.# .#.
........#...#.##.# #.# .5P♣
####.##.#.((#.##.# #.# 5. .
#.#..#####.##.# #.# .. .P
#..........##.# #.# ... .#
##.#..._...##)# #..


You could see a quasit.

Vanquished Creatures
  A jelly (D:4)
  3 adders
  An ufetubus (D:4)
  A worm (D:3)
  5 dart slugs
  4 bats
  7 endoplasms
  3 giant cockroaches
  10 goblins
  4 hobgoblins
  2 jackals (D:3)
  7 quokkas
  4 ball pythons
  3 frilled lizards
  10 kobolds
  4 rats
69 creatures vanquished.

Notes
Turn   | Place    | Note
-------+----------+-------------------------------------------
     0 | D:1      | oldmanjim the Barachi Hexslinger began the quest for the
                  | Orb.
     0 | D:1      | Reached XP level 1. HP: 15/15 MP: 2/2
    37 | D:1      | Reached XP level 2. HP: 22/22 MP: 3/3
   318 | D:1      | Reached XP level 3. HP: 28/28 MP: 4/4
   835 | D:2      | Reached XP level 4. HP: 32/35 MP: 5/5
  2022 | D:4      | Found a white marble altar of Elyvilon.
  2165 | D:4      | Found a hide-covered altar of Uskayaw.
  2166 | D:4      | Noticed a +0 hand axe
  2166 | D:4      | Noticed a +0 hand axe
  2202 | D:4      | Reached XP level 5. HP: 42/42 MP: 6/6
  2255 | D:4      | Lost dexterity.
  2255 | D:4      | HP: 2/42 [quasit (2)]
  2256 | D:4      | Slain by a quasit

Illustrated notes

Levels and vault maps discovered:
D:1:      mrwooster_arrival_statue_2, layout_basic, minmay_misc_feat_ornament,
          due_unseen_surprise
D:2:      layout_rooms, dk_noncrumbling_2
D:3:      layout_loops_ring, chequers_avenue, kennysheep_decorative_pillar
D:4:      minmay_evil_eye, layout_loops_ring, tso_altar,
          dancing_weapons_uskayaw, lemuel_crystal_altar, serial_demonic,
          serial_demonic_g, serial_demonic_c, serial_demonic_e,
          serial_demonic_f, serial_demonic_f, serial_demonic_g,
          serial_demonic_d, dk_noncrumbling_3

Skill      XL: |  1  2  3  4 |
---------------+-------------+-----
Fighting       | 2 3 4 |  4.0
Ranged Weapons | 3 4 |  4.2
Dodging        | |  2.1
Spellcasting   | |  1.1
Hexes          | |  3.2

Action                     |  1- 3 |  4- 6 || total
---------------------------+-------+-------++-------
  Melee: Dagger            |       |    26 ||    26
   Fire: Sling             |   115 |   119 ||   234
   Cast: Slow              |     2 |     2 ||     4
Ability: Hop               |     1 |     1 ||     2
 Armour: Robe              |     5 |    31 ||    36
  Dodge: Dodged            |    24 |   100 ||   124
